 Dungeon Crawl Stone Soup version 0.31-a0-654-gbe3e110b4e (webtiles) character file.

Game seed: 16370580603963358114

27248 Midn8 the Grappler (level 13, -5/144 HPs)
             Began as an Armataur Fighter on Aug 29, 2023.
             Was an Elder of Qazlal.
             Slain by a komodo dragon (11 damage)
             ... on level 4 of the Lair of Beasts.
             The game lasted 00:31:04 (16463 turns).

Midn8 the Grappler (Armataur Fighter)              Turns: 16463, Time: 00:31:05

Health: -5/144     AC:  9    Str: 30    XL:     13   Next: 3%
Magic:  17/17      EV: 11    Int:  9    God:    Qazlal [****..]
Gold:   627        SH:  5    Dex: 17    Spells: 12/12 levels left

rFire   . .          .
                       - Unarmed
rCold   . . .        b - melded +0 buckler
rNeg    . . .        m - melded +0 swamp dragon scales
rPois   .            v - melded +2 helmet
rElec   .            P - melded +0 cloak
rCorr   .            l - melded +2 pair of gloves
SInv    .            R - melded +2 barding
Will    +....        Y - amulet of regeneration
Stlth   +            X - ring of willpower
HPRegen 1.24/turn    S - +6 ring of dexterity
MPRegen 0.15/turn

%: repel missiles, roll
@: snake-form
A: constrict, boosted hp, large, rugged brown scales 3, (deformed body),
(armoured tail), roll, long tongue, awkward tongue
a: Begin Untransformation, Renounce Religion, Upheaval, Elemental Force


You were on level 4 of the Lair of Beasts.
You worshipped Qazlal.
Qazlal was greatly pleased with you.
You were an enormous anaconda.
You visited 3 branches of the dungeon, and saw 16 of its levels.
You also visited: Ossuary.

You collected 926 gold pieces.
You spent 299 gold pieces at shops.

Inventory:

Missiles
 g - 5 darts of dispersal
 u - 19 javelins
 F - 31 poisoned darts
 T - 4 curare-tipped darts
Armour
 a - a +0 scale mail
 b - a +0 buckler (melded)
 l - a +2 pair of gloves (melded)
 m - +0 swamp dragon scales (melded)
 v - a +2 helmet (melded)
 P - a +0 cloak (melded)
 R - a +2 barding (melded)
 V - the +8 chain mail "Qelukum" {-Tele Will+ Str+5 Stlth+}
   (You found it on level 11 of the Dungeon)

   Str+5:     It affects your strength (+5).
   Will+:     It increases your willpower.
   -Tele:     It prevents most forms of teleportation.
   Stlth+:    It makes you more stealthy.
Jewellery
 o - an amulet of reflection
 s - a ring of protection from fire
 E - a ring of flight
 S - a +6 ring of dexterity (right hand)
 X - a ring of willpower (left hand)
 Y - an amulet of regeneration (around neck)
Talismans
 h - a serpent talisman (active)
Wands
 d - a wand of light (14) (quivered)
 G - a wand of roots (14)
 H - a wand of digging (4)
 N - a wand of mindburst (14)
 O - a wand of flame (15)
 W - a wand of charming (3)
Scrolls
 f - 4 scrolls of teleportation
 k - 4 scrolls of blinking
 n - a scroll of butterflies
 r - 3 scrolls of revelation
 t - a scroll of brand weapon {unknown}
 w - a scroll of noise
 x - a scroll of poison
 y - 2 scrolls of fog
 z - a scroll of vulnerability
 B - 3 scrolls of amnesia
 C - a scroll of torment
 D - a scroll of acquirement {unknown}
 Z - a scroll of identify
Potions
 c - a potion of might
 e - 5 potions of enlightenment
 i - 2 potions of cancellation
 j - 2 potions of ambrosia
 p - 2 potions of haste
 q - 8 potions of curing
 A - 2 potions of mutation
 I - a potion of magic
 J - 3 potions of resistance
 K - a potion of berserk rage
 L - a potion of degeneration
 M - 4 potions of lignification
 Q - 3 potions of brilliance
 U - 2 potions of heal wounds


   Skills:
 - Level 10.0 Fighting
 - Level 3.6 Armour
 - Level 4.0 Dodging
 - Level 3.2 Shields
 - Level 12.0 Unarmed Combat
 - Level 6.0 Invocations
 + Level 4.8 Evocations
 - Level 10.0 Shapeshifting


You had 12 spell levels left.
You didn't know any spells.
Your spell library contained the following spells:

 Spells                   Type           Power      Damage    Failure   Level
 Lesser Beckoning         Tloc           0%         N/A       52%         2
 Gell's Gravitas          Tloc           0%         N/A       77%         3
 Stone Arrow              Conj/Erth      0%         3d7       77%         3
 Teleport Other           Tloc           0%         N/A       77%         3
 Animate Armour           Summ/Erth      0%         N/A       99%         4
 Summon Forest            Summ/Tloc      0%         N/A       100%        5
 Summon Mana Viper        Hex/Summ       0%         N/A       100%        5
 Summon Cactus Giant      Summ           0%         N/A       100%        6
 Lehudib's Crystal Spear  Conj/Erth      0%         10d2      100%        8


Dungeon Overview and Level Annotations

Branches:
Dungeon (11/15)            Temple (1/1) D:6            Lair (4/5) D:11
  Swamp (0/4) Lair:3        Snake (0/4) Lair:3          Orc (0/2) D:9
Ossuary (visited)
  Slime: Lair:4-5

Altars:
Ashenzari
Cheibriados
Dithmenos
Elyvilon
Fedhas
Gozag
Hepliaklqana
Kikubaaqudgha
Makhleb
Nemelex Xobeh
Okawaru
Qazlal
Ru
Sif Muna
Trog
Uskayaw
Vehumet
Wu Jian
Xom
Yredelemnul
Zin
The Shining One

Shops:
D:2 [   D:8 *   D:9 :

Annotations:
D:6 2 transporters, zenocrate's ghost, novice OpSh
D:8 Jeremiah


Innate Abilities, Weirdness & Mutations

You are an enormous anaconda.
You have a powerful constriction melee attack.
Your maximum health is increased.
Your armour is entirely melded.
You are incapable of wielding weapons or throwing items.
(You are completely covered in rugged brown scales. (AC +3, +7% HP))
((Armour fits poorly on your strangely shaped body.))
((You have a long armoured tail.))
You roll when moving toward enemies. (Rampage)
Your long tongue fully drains potion bottles. (2x potion effects)
Your tongue gives you trouble enunciating. (1.5x scroll delay)


Message History

You hit the eight-headed hydra.
The eight-headed hydra is moderately wounded.
You hear a loud, deep croak!
The komodo dragon bites you!
The eight-headed hydra is engulfed in blazing flames.
The eight-headed hydra barely misses you.
The eight-headed hydra bites you.
You block the eight-headed hydra's attack.
The eight-headed hydra bites you! x3; The eight-headed hydra bites you. x2
You hear a bellow!
Unknown command.
You lash the eight-headed hydra!
The eight-headed hydra is severely wounded.
The eight-headed hydra bites you. x2
The eight-headed hydra closely misses you.
The eight-headed hydra completely misses you.
You block the eight-headed hydra's attack.
The eight-headed hydra bites you.
The eight-headed hydra closely misses you. x2
The komodo dragon closely misses you.
Unknown command.
You lash the eight-headed hydra!
The eight-headed hydra is almost dead.
You hear a bellow!
A water moccasin comes into view.
You block the eight-headed hydra's attack.
The eight-headed hydra bites you!
* * * LOW HITPOINT WARNING * * *
The eight-headed hydra barely misses you.
The eight-headed hydra bites you.
* * * LOW HITPOINT WARNING * * *
The eight-headed hydra bites you!
* * * LOW HITPOINT WARNING * * *
The eight-headed hydra bites you.
* * * LOW HITPOINT WARNING * * *
The eight-headed hydra bites you!
* * * LOW HITPOINT WARNING * * *
The eight-headed hydra bites you but does no damage.
The komodo dragon bites you!
You die...

..........
.........P
........P#
.........#
.........##
#....☼§...#
#....○.D.#
.....°.S.#
#....§l°§#
#..Y...§.#
.....>...#
.........#
..........
.......S..
P..........


You could see a death yak, an eight-headed hydra, a komodo dragon and a water
moccasin.

Vanquished Creatures
  An eleionoma (Lair:3)
  A hydra (Lair:3)
  A boulder beetle (Lair:1)
  3 two-headed ogres
  Sonja (Lair:3)
  Pikel (D:5)
  A salamander (Lair:3)
  A cyclops (D:11)
  A black mamba (Lair:1)
  Maggie (D:7)
  8 cane toads
  A gargoyle (D:10)
  An unseen horror (D:10)
  A rime drake (Lair:3)
  2 komodo dragons
  2 trolls
  2 polar bears
  20 blink frogs
  Sigmund (D:6)
  A wraith (D:10)
  37 yaks
  2 wyverns
  4 basilisks
  A steam dragon (D:7)
  3 nagas (Lair:3)
  3 acid dragons
  6 water moccasins
  Duvessa (D:5)
  6 black bears
  4 orc warriors
  4 wolves (Lair:2)
  An ogre (D:5)
  A centaur (D:8)
  Blork the orc (D:6)
  4 kobold brigands
  10 bullfrogs
  A gnoll sergeant (D:10)
  13 scorpions
  2 water moccasin zombies (D:5)
  4 wights (D:9)
  Dowan (D:5)
  5 killer bees (D:9)
  3 bullfrog zombies (D:5)
  5 centaur zombies
  A centaur skeleton (D:5)
  5 orc priests
  4 hounds
  5 jellies
  A gnoll bouda (D:4)
  4 scorpion zombies (Ossuary)
  5 iguanas
  A sleepcap (D:6)
  Natasha (twice) (D:3)
  2 orc wizards
  3 mummies (Ossuary)
  A howler monkey zombie (D:5)
  14 gnolls
  6 adders
  3 shadow imps
  3 white imps
  2 ufetubi
  An adder skeleton (D:5)
  2 worms
  A dart slug (D:3)
  23 orcs
  3 ball pythons
  6 endoplasms
  3 giant cockroaches
  5 goblins
  10 hobgoblins
  4 jackals
  22 kobolds
  4 quokkas
  7 bats
  2 frilled lizards
  A gnoll zombie (Ossuary)
  2 goblin zombies (Ossuary)
  A hobgoblin zombie (Ossuary)
  4 kobold zombies (Ossuary)
  2 orc zombies (Ossuary)
  7 rats
345 creatures vanquished.

Notes
Turn   | Place    | Note
-------+----------+-------------------------------------------
     0 | D:1      | Midn8 the Armataur Fighter began the quest for the Orb.
     0 | D:1      | Reached XP level 1. HP: 19/19 MP: 1/1
    75 | D:1      | Reached skill level 2 in Unarmed Combat
   226 | D:1      | Reached XP level 2. HP: 20/26 MP: 2/2
   630 | D:2      | Reached skill level 3 in Unarmed Combat
   738 | D:2      | Reached XP level 3. HP: 32/32 MP: 3/3
   757 | D:2      | Found Lauserok's Armour Shoppe.
  1548 | D:3      | Noticed Natasha
  1561 | D:3      | Killed Natasha
  1562 | D:3      | Reached skill level 4 in Unarmed Combat
  1562 | D:3      | Reached XP level 4. HP: 29/39 MP: 4/4
  1809 | D:3      | Found an ancient bone altar of Kikubaaqudgha.
  2019 | D:4      | Noticed a scorpion
  2383 | D:5      | Entered Level 5 of the Dungeon
  2391 | D:4      | Reached XP level 5. HP: 37/44 MP: 5/5
  2493 | D:4      | Reached skill level 5 in Unarmed Combat
  2866 | D:5      | Noticed an ogre
  2869 | D:5      | Killed an ogre
  2870 | D:5      | Reached skill level 6 in Unarmed Combat
  2870 | D:5      | Reached XP level 6. HP: 37/54 MP: 6/6
  3221 | D:5      | Reached XP level 7. HP: 60/63 MP: 7/7
  3427 | D:5      | Noticed Duvessa
  3448 | D:5      | Noticed Dowan
  3454 | D:5      | Killed Duvessa
  3455 | D:5      | Reached skill level 7 in Unarmed Combat
  3475 | D:5      | Killed Dowan
  3837 | D:5      | Noticed Pikel
  3847 | D:5      | Killed Pikel
  3848 | D:5      | Reached skill level 8 in Unarmed Combat
  3848 | D:5      | Reached skill level 5 in Fighting
  3848 | D:5      | Reached XP level 8. HP: 34/74 MP: 8/8
  4598 | D:6      | Noticed Sigmund
  4962 | D:6      | Killed Sigmund
  5010 | D:6      | Found a transporter.
  5012 | D:6      | Noticed zenocrate's ghost (novice OpSh)
  5093 | D:6      | Reached skill level 9 in Unarmed Combat
  5353 | D:6      | Noticed Blork the orc
  5362 | D:6      | Killed Blork the orc
  5486 | D:6      | Found a transporter.
  5764 | D:6      | Found a staircase to the Ecumenical Temple.
  5828 | Temple   | Entered the Ecumenical Temple
  5845 | Temple   | Became a worshipper of Qazlal Stormbringer
  5946 | D:7      | Found a sand-covered staircase.
  5949 | D:7      | Reached XP level 9. HP: 80/80 MP: 9/9
  5959 | D:7      | Noticed Maggie
  5970 | D:7      | Killed Maggie
  5971 | D:7      | Reached skill level 10 in Unarmed Combat
  6070 | Ossuary  | Entered an ossuary
  6175 | Ossuary  | Reached * piety under Qazlal
  6309 | Ossuary  | Reached skill level 1 in Shapeshifting
  6795 | D:7      | Found a shimmering altar of Xom.
  6795 | D:7      | Found a glowing golden altar of the Shining One.
  6796 | D:7      | Found a glowing silver altar of Zin.
  7178 | D:7      | Found a burning altar of Makhleb.
  7383 | D:8      | Noticed Jeremiah
  7510 | D:8      | Reached XP level 10. HP: 92/92 MP: 10/10
  7516 | D:8      | Noticed a two-headed ogre
  7526 | D:8      | Killed a two-headed ogre
  7527 | D:8      | Reached skill level 5 in Shapeshifting
  7808 | D:8      | Found Udocrocs's General Store.
  7818 | D:8      | Reached ** piety under Qazlal
  8201 | D:2      | Bought a +0 barding for 299 gold pieces
  8240 | D:3      | Noticed Natasha
  8245 | D:3      | Killed Natasha
  9175 | D:9      | Found Bomihofu's Self-Improvement Boutique.
  9356 | D:9      | Found a staircase to the Orcish Mines.
  9585 | D:10     | Entered Level 10 of the Dungeon
 10205 | D:10     | Noticed a gargoyle
 10217 | D:10     | Killed a gargoyle
 10421 | D:10     | Reached XP level 11. HP: 99/100 MP: 11/11
 10609 | D:10     | Reached *** piety under Qazlal
 10626 | D:10     | Noticed a two-headed ogre
 10634 | D:10     | Killed a two-headed ogre
 11224 | D:11     | Reached skill level 10 in Shapeshifting
 11238 | D:11     | Reached skill level 1 in Invocations
 11549 | D:11     | Found a staircase to the Lair.
 11556 | D:11     | Identified the +8 chain mail "Qelukum" {-Tele Will+ Str+5
                  | Stlth+}
 11596 | D:11     | Noticed a two-headed ogre
 11600 | D:11     | Killed a two-headed ogre
 11972 | Lair:1   | Entered Level 1 of the Lair of Beasts
 12013 | Lair:1   | Noticed a boulder beetle
 12038 | Lair:1   | Killed a boulder beetle
 12039 | Lair:1   | Reached skill level 5 in Invocations
 12369 | Lair:1   | Reached skill level 1 in Dodging
 13412 | Lair:2   | Reached XP level 12. HP: 108/108 MP: 16/16
 13638 | Lair:2   | Reached **** piety under Qazlal
 13658 | Lair:2   | Reached skill level 11 in Unarmed Combat
 14633 | Lair:3   | Reached skill level 12 in Unarmed Combat
 15283 | Lair:3   | Found a staircase to the Snake Pit.
 15317 | Lair:3   | Noticed Sonja
 15326 | Lair:3   | Killed Sonja
 15327 | Lair:3   | Reached skill level 10 in Fighting
 15327 | Lair:3   | Reached skill level 1 in Evocations
 15426 | Lair:3   | Noticed an eleionoma
 15435 | Lair:3   | Killed an eleionoma
 15491 | Lair:3   | Found a staircase to the Swamp.
 15516 | Lair:3   | Reached ***** piety under Qazlal
 15802 | Lair:3   | Noticed a five-headed hydra
 15810 | Lair:3   | Killed a five-headed hydra
 15811 | Lair:3   | Reached XP level 13. HP: 120/120 MP: 11/17
 16463 | Lair:4   | HP: 6/144 [eight-headed hydra (10)]
 16463 | Lair:4   | Slain by a komodo dragon

Illustrated notes

Levels and vault maps discovered:
D:1:      matt_arrival_diagonals, layout_basic, minmay_tetromino_t2
D:2:      layout_basic, serial_shops, nicolae_shop_hallway_plus,
          minmay_misc_feat_nine_boxes
D:3:      layout_loops_cross, nicolae_kikubaaqudgha_miasma_corner,
          grunt_ministairs_9, minmay_misc_feat_pillars, uniq_natasha
D:4:      layout_cave_pools
D:5:      layout_loops_corners, serial_undead, serial_undead_f, serial_undead_e,
          serial_undead_d, serial_undead_c, uniq_duvessa,
          uniq_crazy_yiuf_cottage, uniq_pikel
D:6:      layout_basic, temple_hall, gammafunk_ghost_arena, uniq_blork_the_orc,
          uniq_sigmund
D:7:      layout_cave_pools, nicolae_overflow_quartered_altars,
          nicolae_ossuary_entry_monument, item_on_display_a, uniq_maggie
D:8:      layout_rooms, serial_shops, shop, kennysheep_generic_room_3,
          uniq_jeremiah
D:9:      layout_irregular_city, orc_0_dummy, nicolae_shop_self_help
D:10:     layout_cave_pools, nrook_loot_triangle
D:11:     layout_gridville, grunt_lair_entry_orc_guard_hut
Temple:   sentei_temple_godly_chess
Lair:1:   layout_cave_pods, patterned_corridor, grunt_megastairs_5
Lair:2:   layout_cave_pods, infiniplex_staircase_pool_2, grunt_megastairs_3
Lair:3:   layout_hall_layers, alex1729_swamp_entry_worm_eleionoma,
          alex1729_snake_entry_snake, beast_lair_carwin_4, uniq_sonja
Lair:4:   layout_small_grid, dpeg_slime_entry_corner,
          nicolae_lair_lakeside_cave, grunt_megastairs_4

Skill      XL: |  1  2  3  4  5  6  7  8  9 10 11 12 |
---------------+-------------------------------------+-----
Unarmed Combat | 2 3 4 6 8 9 10 12 | 12.0
Fighting       | 3 4 5 6 8 10 | 10.0
Shapeshifting  | 4 8 10 | 10.0
Invocations    | 6 |  6.0
Dodging        | 4 |  4.0
Evocations     | 4 |  4.8
Armour         | |  3.6
Shields        | |  3.2

Action                     |  1- 3 |  4- 6 |  7- 9 | 10-12 | 13-15 || total
---------------------------+-------+-------+-------+-------+-------++-------
  Melee: Unarmed           |   139 |   164 |   386 |   496 |     8 ||  1193
         Tailslap          |    13 |    22 |    66 |    13 |       ||   114
         Constrict         |       |       |       |    89 |     1 ||    90
 Invoke: Elemental Force   |       |       |       |     1 |       ||     1
  Evoke: Wand              |       |     1 |       |     2 |       ||     3
    Use: Scroll            |     6 |     3 |     8 |    13 |       ||    30
         Potion            |       |       |     4 |     1 |       ||     5
 Armour: Scale mail        |    57 |    88 |    77 |       |       ||   222
         Skin              |       |       |     2 |    80 |     6 ||    88
         Swamp dragon scal |       |       |    52 |    50 |       ||   102
  Dodge: Dodged            |    39 |    45 |    95 |   111 |    10 ||   300
  Block: Buckler           |    27 |    23 |    82 |    52 |       ||   184
         Other             |       |       |       |   110 |     3 ||   113
         Reflection        |       |       |       |     7 |       ||     7
   Form: Anaconda          |       |       |       |     1 |       ||     1

Table legend: (Time is in decaauts)
 A = Elapsed time spent in this place.
 B = Non-inter-level travel time spent in this place.
 C = Inter-level travel time spent in this place.
 D = Time resting spent in this place.
 E = Time spent auto-exploring this place.
 F = Levels seen in this place.
 G = Mean time per level.
                   A        B        C        D        E       F      G
               +--------+--------+--------+--------+--------+-----+--------+
         Total |  16357 |  15593 |    764 |   5141 |   7724 |  17 |  962.2 |
       Dungeon |  11535 |  10870 |    665 |   3686 |   5188 |  11 | 1048.6 |
        Temple |     22 |     18 |      4 |      0 |      0 |   1 |   22.0 |
          Lair |   4443 |   4348 |     95 |   1419 |   2459 |   4 | 1110.8 |
       Ossuary |    355 |    355 |      0 |     36 |     77 |   1 |  355.0 |
               +--------+--------+--------+--------+--------+-----+--------+

Top non-repeatable levels by time:
     D:5: 2364 daAuts
  Lair:3: 1822 daAuts
     D:9: 1489 daAuts
  Lair:1: 1395 daAuts
     D:6: 1314 daAuts
  Lair:2: 1217 daAuts
     D:7: 941 daAuts
    D:10: 941 daAuts
    D:11: 929 daAuts
     D:3: 872 daAuts
     D:8: 753 daAuts
     D:4: 734 daAuts
     D:2: 656 daAuts
     D:1: 539 daAuts
 Ossuary: 355 daAuts
